AoeStats
← winter is coming

Arena

510380849Analyzed
4v4 RM · 1d ago on Sep 30, 2026· 60m 37s· 8 players
Game mode
Random Map
Map size
Large (8 player)
Population
200
Speed
Normal
Resources
Standard
Victory
Conquest
Starting age
Dark Age
Ending age
Imperial Age
RankedLock teamsTeams togetherTeam positionsShared explorationLock speedFull tech treeHidden civsTurbo modeCheats
Victory
Defeat
🇹🇷 Britons · Türkiye
1068
+15
🇫🇷 Cumans · France
1065
+15
🇫🇷 Slavs · France
1054
+15
🇫🇷 Khmer · France
968
+37
🇮🇳 Magyars · India
1121
-19
🇹🇷 Malay · Türkiye
1057
-17
🇹🇷 Magyars · Türkiye
1051
-17
🇹🇷 Bohemians · Türkiye
936
-12
winter is coming
10:45 Feudal Age
11:35 Loom
14:26 Castle Age
12:34 Double-Bit Axe
12:42 Horse Collar
13:17 Loom
16:00 Wheelbarrow
15:41 Heavy Plow
27:01 Padded Archer Armor
26:52 Fletching
30:09 Imperial Age
28:25 Leather Archer Armor
28:49 Bodkin Arrow
29:30 Bow Saw
28:43 Crossbowman
28:49 Pikeman
29:15 Gambesons
29:16 Arson
29:38 Gold Mining
29:39 Stone Mining
31:10 Ballistics
31:51 Chemistry
31:47 Gold Shaft Mining
31:12 Arbalester
31:59 Treadmill Crane
32:27 Bracer
32:57 Ring Archer Armor
32:56 Hand Cart
33:54 Ring Archer Armor
34:46 Two-Man Saw
34:24 Scale Mail Armor
34:34 Forging
37:14 Chain Mail Armor
37:35 Iron Casting
37:06 Scale Barding Armor
37:44 Yeomen
38:25 Halberdier
39:05 Squires
39:40 Plate Mail Armor
39:45 Iron Casting
46:14 Conscription
53:35 Warwolf
56:01 Conscription
60:19 Town Watch
59:59 Spies/Treason
60:06 Elite Longbowman
vikingfou
7:44 Loom
10:45 Feudal Age
21:41 Castle Age
21:54 Castle Age
20:20 Scale Barding Armor
20:13 Double-Bit Axe
20:38 Horse Collar
21:56 Forging
23:55 Bloodlines
25:41 Chain Barding Armor
26:14 Iron Casting
25:45 Heavy Plow
25:49 Light Cavalry
29:32 Gold Mining
29:34 Stone Mining
29:47 Fletching
34:17 Imperial Age
34:46 Bodkin Arrow
35:33 Plate Barding Armor
35:59 Blast Furnace
34:20 Cavalier
35:47 Gold Shaft Mining
36:49 Wheelbarrow
37:25 Steppe Husbandry
37:57 Hussar
40:17 Conscription
43:18 Paladin
43:25 Paladin
47:46 Crop Rotation
47:40 Hand Cart
47:27 Bodkin Arrow
47:49 Bow Saw
56:39 Padded Archer Armor
56:42 Scale Mail Armor
57:15 Ballistics
59:00 Two-Man Saw
Heinrich
12:48 Feudal Age
13:55 Double-Bit Axe
13:53 Horse Collar
16:36 Gold Mining
16:41 Stone Mining
19:56 Castle Age
18:56 Wheelbarrow
21:10 Heavy Plow
21:23 Bow Saw
21:53 Gold Shaft Mining
21:58 Stone Shaft Mining
36:31 Fletching
37:22 Scale Barding Armor
37:20 Scale Mail Armor
37:23 Padded Archer Armor
38:38 Forging
42:57 Ballistics
43:39 Iron Casting
43:20 Chain Mail Armor
43:25 Chain Barding Armor
45:59 Imperial Age
43:32 Bodkin Arrow
43:37 Padded Archer Armor
44:53 Hand Cart
44:04 Elite Skirmisher
46:26 Loom
48:00 Blast Furnace
47:17 Town Watch
47:47 Elite Ballista Elephant
49:04 Leather Archer Armor
49:35 Double Crossbow
49:39 Bracer
50:15 Plate Barding Armor
54:09 Ring Archer Armor
55:03 Chemistry
rudi.pollet.ci
11:58 Feudal Age
17:10 Castle Age
16:04 Double-Bit Axe
16:12 Stone Mining
16:36 Gold Mining
16:56 Horse Collar
22:08 Pikeman
24:20 Wheelbarrow
25:34 Forging
27:11 Scale Mail Armor
30:02 Scale Barding Armor
29:30 Man-at-Arms
33:42 Imperial Age
32:46 Long Swordsman
34:06 Iron Casting
33:45 Bow Saw
33:35 Long Swordsman
35:57 Two-Man Saw
34:21 Halberdier
34:23 Onager
34:50 Two-Handed Swordsman
35:20 Capped Ram
36:32 Siege Ram
38:23 Champion
40:53 Blast Furnace
42:03 Chemistry
43:18 Siege Onager
MrPR77660
10:24 Feudal Age
11:03 Double-Bit Axe
11:01 Horse Collar
16:15 Castle Age
14:35 Stone Mining
14:37 Loom
17:05 Gold Mining
17:40 Scale Barding Armor
24:31 Wheelbarrow
27:37 Imperial Age
25:40 Bloodlines
26:05 Bow Saw
26:13 Heavy Plow
26:54 Town Watch
28:11 Gold Shaft Mining
27:59 Husbandry
29:12 Hand Cart
30:06 Town Patrol
31:17 Conscription
33:02 Chain Barding Armor
32:54 Fletching
34:25 Bodkin Arrow
36:12 Plate Barding Armor
38:49 Corvinian Army
40:29 Scale Mail Armor
39:54 Pikeman
40:52 Elite Magyar Huszar
haydari
11:08 Feudal Age
12:44 Loom
17:11 Castle Age
15:21 Double-Bit Axe
17:13 Bow Saw
19:24 Stone Mining
30:01 Horse Collar
33:52 Imperial Age
35:04 Chemistry
35:00 Wheelbarrow
34:52 Husbandry
35:14 Elite Skirmisher
35:27 Light Cavalry
36:35 Fletching
36:47 Padded Archer Armor
37:10 Hand Cart
37:11 Bodkin Arrow
39:27 Siege Engineers
42:56 Leather Archer Armor
47:49 Forging
47:45 Scale Barding Armor
48:11 Ring Archer Armor
Elbaron
12:28 Feudal Age
10:44 Loom
10:47 Loom
16:27 Castle Age
14:15 Double-Bit Axe
14:33 Horse Collar
27:12 Wheelbarrow
26:23 Town Watch
28:13 Scale Barding Armor
28:06 Gold Mining
28:07 Stone Mining
29:33 Husbandry
29:43 Bloodlines
32:27 Imperial Age
30:12 Hand Cart
29:58 Town Patrol
30:19 Chain Barding Armor
29:27 Light Cavalry
30:30 Padded Archer Armor
30:20 Fletching
30:55 Ballistics
31:13 Bow Saw
31:05 Heavy Plow
31:43 Gold Shaft Mining
31:18 Arson
32:19 Bodkin Arrow
32:39 Leather Archer Armor
34:09 Parthian Tactics
33:49 Thumb Ring
33:05 Heavy Cavalry Archer
34:17 Conscription
34:47 Ring Archer Armor
34:17 Bracer
34:33 Recurve Bow
35:36 Crop Rotation
38:21 Two-Man Saw
39:45 Corvinian Army
47:33 Onager
49:23 Heavy Scorpion
Sagapuju︻デ 一
5:31 Loom
12:03 Feudal Age
16:11 Castle Age
14:34 Double-Bit Axe
14:31 Horse Collar
32:14 Bow Saw
32:05 Heavy Plow
33:49 Chemistry
33:09 Ballistics
37:44 Imperial Age
35:58 Wagenburg Tactics
35:46 Arson
36:01 Squires
36:46 Wheelbarrow
36:22 Forging
36:13 Scale Mail Armor
36:19 Caravan
37:55 Hand Cart
39:17 Iron Casting
38:57 Chain Mail Armor
38:22 Elite Hussite Wagon
39:26 Conscription
39:26 Siege Engineers
39:27 Pikeman
45:07 Blast Furnace
44:38 Plate Mail Armor
46:02 Two-Man Saw
47:19 Houfnice
Connection lost

Rejoining the realm…

Still unreachable

The connection could not be restored.

Session expired

The server has moved on; the page needs a fresh start.